 Dungeon Crawl Stone Soup version 0.28.0-45-g0d030f2227 (webtiles) character file.

Game seed: 15963228377999602365

141 NinjaNoafa the Chopper (level 5, 0/47 HPs)
             Began as a Hill Orc Monk on Apr 19, 2022.
             Was a Believer of Nemelex Xobeh.
             Slain by an ogre
             ... wielding a +0 giant club
              (18 damage)
             ... on level 3 of the Dungeon.
             The game lasted 00:06:38 (2969 turns).

NinjaNoafa the Chopper (Hill Orc Monk)              Turns: 2969, Time: 00:06:39

Health: 0/47       AC:  4    Str: 14    XL:     5   Next: 24%
Magic:  6/6        EV: 13    Int: 10    God:    Nemelex Xobeh [**....]
Gold:   161        SH:  0    Dex: 13    Spells: 4/4 levels left

rFire   + . .      SeeInvis .   a - +0 hand axe
rCold   . . .      Faith    .   (no shield)
rNeg    . . .      Spirit   .   b - +1 robe
rPois   .          Reflect  .   k - +0 helmet
rElec   .          Harm     .   (no cloak)
rCorr   .          Rampage  .   (no gloves)
Will    .....                   (no boots)
Stlth   ++........              d - amulet of magic regeneration
HPRegen 0.15/turn               (no ring)
MPRegen 0.50/turn               (no ring)

@: unable to read
A: clumsy 1, fire resistance 1, mutation resistance 1, inability to read while
threatened
a: Renounce Religion, Draw Escape, Draw Destruction, Draw Summoning


You were on level 3 of the Dungeon.
You worshipped Nemelex Xobeh.
Nemelex Xobeh was pleased with you.
You visited 1 branch of the dungeon, and saw 3 of its levels.

You collected 189 gold pieces.
You spent 28 gold pieces at shops.

Inventory:

Hand Weapons
 a - a +0 hand axe (weapon)
Missiles
 e - 7 poisoned darts
 i - 40 stones
 l - 4 curare-tipped darts (quivered)
Armour
 b - a +1 robe (worn)
 k - a +0 helmet (worn)
Jewellery
 d - an amulet of magic regeneration (around neck)
Scrolls
 f - a scroll of enchant weapon {unknown}
 g - a scroll of amnesia
 o - a scroll of identify
Potions
 c - a potion of flight


   Skills:
 + Level 4.6 Fighting
 + Level 5.0 Axes
 + Level 3.1 Dodging
 - Level 2.4 Stealth
 + Level 2.0 Invocations


You had 4 spell levels left.
You didn't know any spells.
Your spell library was empty.

Dungeon Overview and Level Annotations

Branches:
Dungeon (3/15)

Altars:
Nemelex Xobeh

Shops:
D:2 *


Innate Abilities, Weirdness & Mutations

You are clumsy. (Dex -2)
Your flesh is heat resistant. (rF+)
You are somewhat resistant to further mutation.
You sometimes lose the ability to read scrolls when taking damage.


Message History

The goblin barely misses you.
You closely miss the goblin.
The goblin is heavily wounded.
The goblin hits you with a +0 dagger.
You closely miss the goblin.
The goblin is heavily wounded.
The goblin closely misses you.
You miss the goblin.
The goblin is heavily wounded.
The ogre is no longer moving slowly.
The goblin completely misses you.
You hit the goblin but do no damage.
The goblin is heavily wounded.
The goblin completely misses you.
You barely miss the goblin.
The goblin is moderately wounded.
The ogre looks more healthy.
The goblin hits you with a +0 dagger.
You feel threatened and lose the ability to read scrolls!
You closely miss the goblin.
The goblin is moderately wounded.
The goblin hits you with a +0 dagger.
You hit the goblin.
You kill the goblin!
You hit the ogre.
The ogre is severely wounded.
You can read scrolls again.
The ogre hits you with a +0 giant club!!
You feel threatened and lose the ability to read scrolls!
Ouch! That really hurt!
* * * LOW HITPOINT WARNING * * *
Okay, then.
You cannot read scrolls in your current state!
You cannot read scrolls in your current state!
You feel better. The ogre barely misses you.
You can read scrolls again.
The goblin unwields a +0 dagger.
The goblin wields a +0 hunting sling.
The goblin shoots a stone.
The stone closely misses you.
The ogre hits you with a +0 giant club!!
You feel threatened and lose the ability to read scrolls!
You die...
Your body disappears without a glow.

#.####.# #.# #..#
#.# #.# #.# #)#
#..######.# #.# #.#
#.# #..#......# ..#
#.# #.# #.>#.######
.## ##.# #.# #..#.#
.# #..# #.# #....#
.# #.## #.# ##...#
.# #.# #.####...#
.# #.# #......@.#
.# #.# #####.O..#
.# #.########....#
.# #.##.g...g....#
.####.##g####.....#
..................#
.#####..#####.#.#.#
.......g# #...#.#
#######.# ##.##.#


You could see an ogre and a goblin.

Vanquished Creatures
  Jessica (D:3)
  Natasha (D:3)
  2 adders
  A worm (D:2)
  2 dart slugs
  An orc (D:3)
  5 ball pythons
  A bat (D:3)
  5 endoplasms
  A giant cockroach (D:3)
  7 goblins
  2 hobgoblins (D:2)
  2 jackals (D:1)
  4 kobolds
  3 quokkas
  2 frilled lizards
  4 rats
44 creatures vanquished.

Vanquished Creatures (collateral kills)
  Robin (D:3)
  A giant cockroach (D:3)
  5 goblins (D:3)
  A hobgoblin (D:3)
8 creatures vanquished.

Vanquished Creatures (others)
  A goblin (D:3)
1 creature vanquished.

Grand Total: 53 creatures vanquished

Notes
Turn   | Place    | Note
-------+----------+-------------------------------------------
     0 | D:1      | NinjaNoafa the Hill Orc Monk began the quest for the Orb.
     0 | D:1      | Reached XP level 1. HP: 19/19 MP: 1/1
   347 | D:1      | Reached XP level 2. HP: 27/27 MP: 2/2
   393 | D:1      | Found a faded altar of an unknown god.
  1192 | D:2      | Reached XP level 3. HP: 33/33 MP: 3/3
  1221 | D:2      | Found Jiru's General Store.
  1230 | D:2      | Bought a scroll of identify for 28 gold pieces
  1417 | D:2      | Found a sparkling altar of Nemelex Xobeh.
  1428 | D:2      | Became a worshipper of Nemelex Xobeh the Trickster
  1428 | D:2      | Reached * piety under Nemelex Xobeh
  1428 | D:2      | Received a gift from Nemelex Xobeh
  1428 | D:2      | Reached ** piety under Nemelex Xobeh
  1821 | D:3      | Noticed Robin
  1831 | D:3      | Killed Robin
  1832 | D:3      | Reached XP level 4. HP: 29/40 MP: 4/4
  2054 | D:3      | Reached skill level 1 in Invocations
  2082 | D:3      | Received a gift from Nemelex Xobeh
  2143 | D:3      | Noticed Jessica
  2148 | D:3      | Killed Jessica
  2649 | D:3      | Noticed an ogre
  2652 | D:3      | Gained mutation: Potions are less effective at restoring
                  | your health. [potion of mutation]
  2653 | D:3      | Lost mutation: Potions are less effective at restoring your
                  | health. [potion of mutation]
  2653 | D:3      | Gained mutation: You are clumsy. (Dex -2) [potion of
                  | mutation]
  2653 | D:3      | Gained mutation: Your flesh is heat resistant. (rF+)
                  | [potion of mutation]
  2653 | D:3      | Gained mutation: You sometimes lose the ability to read
                  | scrolls when taking damage. [potion of mutation]
  2653 | D:3      | Gained mutation: You are somewhat resistant to further
                  | mutation. [potion of mutation]
  2887 | D:3      | Noticed Natasha
  2893 | D:3      | Killed Natasha
  2894 | D:3      | Reached skill level 5 in Axes
  2894 | D:3      | Reached XP level 5. HP: 40/47 MP: 6/6
  2969 | D:3      | Slain by an ogre

Illustrated notes

Levels and vault maps discovered:
D:1:      psy_arrival_spokes, layout_basic,
          hellmonk_ecumenical_altar_inner_sanctum
D:2:      layout_basic, basic_altar, serial_shops, shop,
          kennysheep_decorative_pillar
D:3:      layout_loops_ring, minmay_ogre_servants, uniq_jessica, uniq_natasha,
          uniq_robin

Skill      XL: |  1  2  3  4 |
---------------+-------------+-----
Fighting       | 4 |  4.6
Stealth        | 2 |  2.4
Invocations    | 2 |  2.0
Dodging        | 3 |  3.1
Axes           | 5 |  5.0

Action                   |  1- 3 |  4- 6 || total
-------------------------+-------+-------++-------
Melee: Hand axe          |    62 |    60 ||   122
Throw: Dart              |     9 |     3 ||    12
Invok: Draw Destruction  |     1 |     1 ||     2
       Draw Summoning    |     1 |       ||     1
  Use: Scroll            |     5 |     2 ||     7
       Potion            |       |     7 ||     7
 Stab: Sleeping          |     3 |     1 ||     4
Armor: Robe              |     7 |    17 ||    24
Dodge: Dodged            |    43 |    45 ||    88
